 Dungeon Crawl Stone Soup version 0.30-a0-169-g06f667207d (webtiles) character file.

Game seed: 12720385294151383457

4998 qw the Cleaver (level 10, -15/64 HPs)
             Began as a Gargoyle Fighter on Sept 29, 2022.
             Was a Believer of Okawaru.
             Hit by a large rock thrown by a cyclops (32 damage)
             ... on level 9 of the Dungeon.
             The game lasted 00:03:50 (8811 turns).

qw the Cleaver (Gargoyle Fighter)                   Turns: 8811, Time: 00:03:50

Health: -15/64     AC: 24    Str: 26    XL:     10   Next: 54%
Magic:  11/13      EV: 11    Int:  6    God:    Okawaru [**....]
Gold:   567        SH:  7    Dex: 15    Spells: 9/9 levels left

rFire   + . .      SeeInvis +    Y - +4 war axe
rCold   . . .      Faith    .    c - +0 buckler
rNeg    + + .      Spirit   .    q - +0 chain mail
rPois   inf        Reflect  .    k - +0 hat {SInv}
rElec   +          Harm     .    (no cloak)
rCorr   .          Rampage  .    w - +0 pair of gloves
Will    .....                    l - +2 pair of boots "Mymehie" {rN+ Regen+ Str+3 Int-4}
Stlth   ..........               (no amulet)
HPRegen 1.00/turn                u - ring of protection from fire
MPRegen 0.13/turn                o - +6 ring of dexterity

@: heroic
A: sickness immunity, AC +7, negative energy resistance 1, electricity
resistance, torment resistance 1, petrification resistance
a: Renounce Religion, Heroism


You were on level 9 of the Dungeon.
You worshipped Okawaru.
Okawaru was pleased with you.
You visited 2 branches of the dungeon, and saw 10 of its levels.
You also visited: Sewer.

You collected 567 gold pieces.


Innate Abilities, Weirdness & Mutations

You are immune to sickness and miasma.
Your stone body is resilient. (AC +7)
You are immune to poison.
You resist negative energy. (rN+)
You are resistant to electric shocks. (rElec)
You are resistant to unholy torment.
You are immune to petrification.


   Skills:
 - Level 8.1(13.1) Fighting
 - Level 10.1(15.1) Axes
 - Level 3.1(8.1) Throwing
 - Level 6.1(11.1) Armour
 - Level 2.2(7.2) Dodging
 + Level 4.9(9.9) Shields
 - Level 4.0 Invocations


You had 9 spell levels left.
You didn't know any spells.
Your spell library was empty.

Inventory:

Hand Weapons
 a - a +2 flail of holy wrath
 Y - a +4 war axe (weapon)
Missiles
 e - 5 boomerangs
 v - 3 javelins (quivered)
Armour
 c - a +0 buckler (worn)
 k - a +0 hat of see invisible (worn)
 l - the +2 pair of boots "Mymehie" (worn) {rN+ Regen+ Str+3 Int-4}
   (You found it on level 3 of the Dungeon)

   Str:       It affects your strength (+3).
   Int:       It affects your intelligence (-4).
   rN:        It protects you from negative energy.
   Regen:     It increases your rate of health regeneration.
 p - a +0 helmet
 q - a +0 chain mail (worn)
 w - a +0 pair of gloves (worn)
Jewellery
 h - a ring of willpower
 o - a +6 ring of dexterity (right hand)
 r - a ring of positive energy
 u - a ring of protection from fire (left hand)
Scrolls
 g - 5 scrolls of teleportation
 i - 2 scrolls of identify
 s - a scroll of butterflies {unknown}
Potions
 b - 2 potions of cancellation
 d - 2 potions of might
 f - 2 potions of attraction
 j - 2 potions of curing
 m - 2 potions of lignification
 n - a potion of resistance
 t - a potion of magic

Dungeon Overview and Level Annotations

Branches:
Dungeon (9/15)             Temple (1/1) D:6           Sewer (visited)
   Lair: D:8-11         Orc: D:9-12

Altars:
Ashenzari
Cheibriados
Dithmenos
Elyvilon
Fedhas
Gozag
Hepliaklqana
Kikubaaqudgha
Makhleb
Nemelex Xobeh
Okawaru
Qazlal
Ru
Sif Muna
Trog
Vehumet
Wu Jian
Xom
Yredelemnul
The Shining One

Portals:
Bailey: D:9

Annotations:
D:3 3 runed translucent doors, qw's ghost, amateur GrFi


Message History

You hit the wyvern.
The wyvern is almost dead.
You block the wyvern's attack. x2
You slice the wyvern!!
You kill the wyvern!
Okawaru accepts your kill.
You see here a wyvern corpse.
v - 3 javelins (gained 2)
You now have 555 gold pieces (gained 14).
You now have 567 gold pieces (gained 12).
You hear the creaking of a distant portcullis.
Found 6 stones.
Enter note:
Found 4 stones.
Found a quarterstaff.
A steam dragon comes into view.
8804 ||| INVOKING Heroism.
You gain the combat prowess of a mighty hero.
A cyclops comes into view.
Found 17 gold pieces.
The cyclops shouts!
You slash the steam dragon!
The steam dragon is moderately wounded.
The steam dragon bites you. The steam dragon completely misses you.
The cyclops throws a large rock.
The large rock hits you!!!
Ouch! That really hurt!
You hit the steam dragon.
The steam dragon is heavily wounded.
The steam dragon barely misses you.
The steam dragon claws you but does no damage.
You closely miss the steam dragon.
The steam dragon is moderately wounded.
You barely miss the steam dragon.
The steam dragon is moderately wounded.
The steam dragon bites you! The steam dragon claws you.
You slash the steam dragon!
The steam dragon is severely wounded.
The cyclops throws a large rock.
The large rock hits you!!
Ouch! That really hurt!
You die...

#...........#.
.........#.............
.........#..##.........
$#............#.......##
...#..................##
...........)............
.....................###
.......D............####
.......@......##......#)
..C............##.......
.....................)))
....(...................
#.......................
#####...............##..
#....#.......>......
###(##......##......
#..................


You could see a cyclops and a steam dragon.

Vanquished Creatures
  Maggie (D:8)
  Prince Ribbit (D:8)
  Sigmund (D:2)
  3 yaks (D:7)
  A wyvern (D:9)
  A steam dragon (D:8)
  2 hornet zombies (D:7)
  Pargi (Sewer)
  An orc warrior (D:9)
  2 ice beasts
  An ogre (D:5)
  5 black bears
  A phantom (D:7)
  2 kobold brigands (D:8)
  2 bullfrogs (D:7)
  A wyvern zombie (D:7)
  5 necrophages
  A gnoll sergeant (D:9)
  2 scorpions
  5 wights
  2 electric eels (D:6)
  2 howler monkeys (D:8)
  A crimson imp (D:7)
  A human zombie (D:7)
  2 gnoll boudas
  5 orc priests
  5 hounds
  3 jellies
  8 orc wizards
  A killer bee zombie (D:7)
  A mummy (D:7)
  2 howler monkey zombies (D:7)
  10 adders
  17 gnolls
  2 river rats (D:5)
  A shadow imp (D:6)
  3 white imps
  2 ufetubi
  5 worms
  3 dart slugs
  43 orcs
  9 endoplasms
  5 giant cockroaches
  8 goblins
  8 hobgoblins
  11 jackals
  2 quokkas
  11 ball pythons
  4 bats
  3 frilled lizards
  23 kobolds
  6 rats
248 creatures vanquished.

Vanquished Creatures (others)
  27 plants (D:6)
27 creatures vanquished.

Grand Total: 275 creatures vanquished

Notes
Turn   | Place    | Note
-------+----------+-------------------------------------------
     0 | D:1      | qw the Gargoyle Fighter began the quest for the Orb.
     0 | D:1      | Reached XP level 1. HP: 14/14 MP: 1/1
     0 | D:1      | 0 ||| qw: Version: 0.2-a-12-gaebbb33
     0 | D:1      | 0 ||| qw: Game counter: 1293
     0 | D:1      | 0 ||| qw: Always use a shield: true
     0 | D:1      | 0 ||| qw: God list: Okawaru
     0 | D:1      | 0 ||| qw: Allow faded altars: false
     0 | D:1      | 0 ||| qw: Do Orc after D:15 true
     0 | D:1      | 0 ||| qw: Do second Lair branch before Depths: true
     0 | D:1      | 0 ||| qw: Lair rune preference: random
     0 | D:1      | 0 ||| qw: Plans: Normal, Zot:1-4, God:TSO, Crypt, Tomb,
                  | Pan, Slime:5, Hells, Abyss, Orb
     0 | D:1      | 0 ||| PLANNING D:1-11
    90 | D:1      | Reached skill level 2 in Axes
   140 | D:1      | Reached XP level 2. HP: 16/19 MP: 2/2
   245 | D:1      | 245 ||| Stepping ~*~*~tactically~*~*~ (stealth).
   300 | D:1      | 300 ||| Stepping ~*~*~tactically~*~*~ (stealth).
   312 | D:1      | Reached skill level 3 in Axes
   432 | D:1      | Reached XP level 3. HP: 23/23 MP: 3/3
   660 | D:1      | 660 ||| Stepping ~*~*~tactically~*~*~ (stealth).
   673 | D:1      | 673 ||| Stepping ~*~*~tactically~*~*~ (stealth).
   674 | D:1      | 674 ||| Stepping ~*~*~tactically~*~*~ (stealth).
   960 | D:1      | Found a faded altar of an unknown god.
   971 | D:1      | 971 ||| UPGRADING to ring of positive energy.
   972 | D:1      | 972 ||| READING scroll labelled OGIEMU ZIAGG.
   976 | D:1      | 976 ||| DRINKING 2 metallic white potions.
   977 | D:1      | 977 ||| DROPPING potion of brilliance.
  1236 | D:2      | Noticed Sigmund
  1237 | D:2      | 1237 ||| Stepping ~*~*~tactically~*~*~ (hiding).
  1250 | D:2      | HP: 4/23 [something (4)]
  1255 | D:2      | Killed Sigmund
  1256 | D:2      | Reached skill level 5 in Axes
  1256 | D:2      | Reached XP level 4. HP: 2/28 MP: 4/4
  1256 | D:2      | Reached XP level 5. HP: 3/32 MP: 5/5
  1575 | D:2      | Reached XP level 6. HP: 37/37 MP: 6/6
  1593 | D:2      | 1593 ||| DROPPING +0 club.
  2081 | D:2      | 2081 ||| Stepping ~*~*~tactically~*~*~ (stealth).
  2097 | D:2      | 2097 ||| Stepping ~*~*~tactically~*~*~ (stealth).
  2100 | D:2      | 2100 ||| Stepping ~*~*~tactically~*~*~ (stealth).
  2283 | D:2      | 2283 ||| READING scroll labelled TEUSSA VIATO.
  2354 | D:3      | Found a burning altar of Makhleb.
  2354 | D:3      | Found a stormy altar of Qazlal.
  2355 | D:3      | Found a sparkling altar of Nemelex Xobeh.
  2355 | D:3      | Found a shimmering blue altar of Sif Muna.
  2362 | D:3      | Found a snail-covered altar of Cheibriados.
  2613 | D:3      | 2613 ||| Stepping ~*~*~tactically~*~*~ (stealth).
  2670 | D:3      | Identified the +2 pair of boots "Mymehie" {rN+ Regen+ Str+3
                  | Int-4}
  2853 | D:3      | Found a runed translucent gate.
  2853 | D:3      | Noticed qw's ghost (amateur GrFi)
  2854 | D:3      | Found a runed translucent gate.
  2854 | D:3      | Found a runed translucent gate.
  2854 | D:3      | Noticed qw's ghost (amateur GrFi)
  2854 | D:3      | Noticed qw's ghost (amateur GrFi)
  2855 | D:3      | Noticed qw's ghost (amateur GrFi)
  2856 | D:3      | Noticed qw's ghost (amateur GrFi)
  3059 | D:3      | 3059 ||| Stepping ~*~*~tactically~*~*~ (hiding).
  3065 | D:3      | 3065 ||| FLEEEEING.
  3066 | D:3      | 3066 ||| FLEEEEING.
  3067 | D:3      | 3067 ||| FLEEEEING.
  3068 | D:3      | 3068 ||| FLEEEEING.
  3069 | D:3      | 3069 ||| FLEEEEING.
  3070 | D:3      | 3070 ||| FLEEEEING.
  3071 | D:3      | 3071 ||| FLEEEEING.
  3072 | D:3      | 3072 ||| FLEEEEING.
  3073 | D:3      | 3073 ||| FLEEEEING.
  3074 | D:3      | 3074 ||| FLEEEEING.
  3075 | D:3      | 3075 ||| FLEEEEING.
  3076 | D:3      | 3076 ||| FLEEEEING.
  3080 | D:3      | 3080 ||| FLEEEEING.
  3084 | D:3      | 3084 ||| FLEEEEING.
  3085 | D:3      | 3085 ||| FLEEEEING.
  3086 | D:3      | 3086 ||| FLEEEEING.
  3087 | D:3      | 3087 ||| FLEEEEING.
  3091 | D:3      | 3091 ||| FLEEEEING.
  3092 | D:3      | 3092 ||| FLEEEEING.
  3093 | D:3      | 3093 ||| FLEEEEING.
  3094 | D:3      | 3094 ||| STAIRDANCE
  3128 | D:2      | 3128 ||| UPGRADING to +2 pair of boots "Mymehie" {rN+
                  | Regen+ Str+3 Int-4}.
  3133 | D:2      | 3133 ||| DROPPING amulet of faith.
  3134 | D:2      | 3134 ||| UPGRADING to ring of willpower.
  3135 | D:2      | 3135 ||| READING 3 scrolls labelled EQIKHI TOVOMAT.
  3136 | D:2      | 3136 ||| DRINKING 2 bubbling cyan potions.
  3137 | D:2      | 3137 ||| READING 2 scrolls of identify.
  3137 | D:2      | 3137 ||| IDENTIFYING viscous puce potion
  3138 | D:2      | 3138 ||| DROPPING potion of magic.
  3141 | D:3      | 3141 ||| STAIRDANCE
  3152 | D:2      | 3152 ||| DROPPING +0 mace.
  3153 | D:2      | 3153 ||| UPGRADING to +4 ring mail.
  3163 | D:2      | 3163 ||| DROPPING +0 scale mail.
  3182 | D:3      | Reached skill level 1 in Dodging
  3206 | D:3      | 3206 ||| DROPPING +0 flail.
  3581 | D:4      | 3581 ||| READING scroll of enchant weapon.
  3581 | D:4      | 3581 ||| ENCHANTING +1 war axe.
  3719 | D:4      | Reached skill level 6 in Axes
  3719 | D:4      | Reached XP level 7. HP: 42/43 MP: 7/7
  3926 | D:4      | Found a shadowy altar of Dithmenos.
  3973 | D:4      | 3973 ||| READING scroll of enchant weapon.
  3973 | D:4      | 3973 ||| ENCHANTING +2 war axe.
  4284 | D:4      | 4284 ||| UPGRADING to +0 helmet.
  4289 | D:4      | 4289 ||| READING scroll labelled JISEAPELED.
  4290 | D:4      | 4290 ||| READING scroll labelled ORAPSOXT CORRO.
  4291 | D:4      | 4291 ||| READING scroll labelled HUGGUE AKIA.
  4292 | D:4      | 4292 ||| DRINKING 3 fizzy inky potions.
  4293 | D:4      | 4293 ||| READING 2 scrolls of identify.
  4293 | D:4      | 4293 ||| IDENTIFYING murky yellow potion
  4294 | D:4      | 4294 ||| DROPPING 2 potions of flight.
  4303 | D:5      | Entered Level 5 of the Dungeon
  4304 | D:5      | 4304 ||| PLANNING SEWER
  4324 | D:5      | 4324 ||| Stepping ~*~*~tactically~*~*~ (hiding).
  4327 | D:5      | 4327 ||| Stepping ~*~*~tactically~*~*~ (hiding).
  4360 | D:5      | Reached skill level 7 in Axes
  4435 | D:5      | 4435 ||| Stepping ~*~*~tactically~*~*~ (stealth).
  4438 | D:5      | 4438 ||| Stepping ~*~*~tactically~*~*~ (stealth).
  4441 | D:5      | 4441 ||| Stepping ~*~*~tactically~*~*~ (stealth).
  4450 | D:5      | Found a glowing drain.
  4452 | D:5      | 4452 ||| FLEEEEING.
  4453 | D:5      | 4453 ||| FLEEEEING.
  4454 | D:5      | 4454 ||| FLEEEEING.
  4455 | D:5      | 4455 ||| FLEEEEING.
  4456 | D:5      | 4456 ||| FLEEEEING.
  4461 | D:5      | 4461 ||| STAIRDANCE
  4475 | D:5      | 4475 ||| FLEEEEING.
  4476 | D:5      | 4476 ||| FLEEEEING.
  4477 | D:5      | 4477 ||| FLEEEEING.
  4478 | D:5      | 4478 ||| FLEEEEING.
  4479 | D:5      | 4479 ||| FLEEEEING.
  4480 | D:5      | 4480 ||| FLEEEEING.
  4485 | D:5      | 4485 ||| STAIRDANCE
  4489 | D:5      | 4489 ||| STAIRDANCE
  4498 | D:5      | 4498 ||| STAIRDANCE
  4513 | D:5      | 4513 ||| FLEEEEING.
  4514 | D:5      | 4514 ||| FLEEEEING.
  4515 | D:5      | 4515 ||| FLEEEEING.
  4516 | D:5      | 4516 ||| FLEEEEING.
  4517 | D:5      | 4517 ||| FLEEEEING.
  4518 | D:5      | 4518 ||| FLEEEEING.
  4519 | D:5      | 4519 ||| FLEEEEING.
  4523 | D:5      | 4523 ||| FLEEEEING.
  4524 | D:5      | 4524 ||| STAIRDANCE
  4529 | D:5      | 4529 ||| STAIRDANCE
  4549 | Sewer    | Entered a sewer
  4565 | Sewer    | Noticed Pargi
  4578 | Sewer    | Killed Pargi
  4579 | Sewer    | Reached skill level 1 in Throwing
  4579 | Sewer    | Reached XP level 8. HP: 48/49 MP: 8/8
  4695 | Sewer    | 4695 ||| DRINKING 2 ruby potions.
  4711 | D:5      | 4711 ||| PLANNING D:1-11
  5014 | D:5      | 5014 ||| READING scroll of enchant weapon.
  5014 | D:5      | 5014 ||| ENCHANTING +3 war axe.
  5235 | D:5      | 5235 ||| UPGRADING to +6 ring of dexterity.
  5237 | D:5      | 5237 ||| DRINKING 3 glowing golden potions.
  5305 | D:6      | 5305 ||| STAIRDANCE
  5317 | D:5      | 5317 ||| UPGRADING to +0 chain mail.
  5327 | D:5      | 5327 ||| DROPPING +4 ring mail.
  5348 | D:6      | 5348 ||| Stepping ~*~*~tactically~*~*~ (hiding).
  5349 | D:6      | 5349 ||| Stepping ~*~*~tactically~*~*~ (hiding).
  5356 | D:6      | Reached skill level 8 in Axes
  5356 | D:6      | 5356 ||| Stepping ~*~*~tactically~*~*~ (hiding).
  5367 | D:6      | HP: 10/49 [wight/+2 spear of freezing (7)]
  5368 | D:6      | 5368 ||| READING 5 scrolls of teleportation.
  5369 | D:6      | 5369 ||| DRINKING potion of heal wounds.
  5409 | D:6      | 5409 ||| Stepping ~*~*~tactically~*~*~ (stealth).
  5410 | D:6      | 5410 ||| Stepping ~*~*~tactically~*~*~ (stealth).
  5437 | D:6      | Reached skill level 6 in Fighting
  5538 | D:6      | 5538 ||| Stepping ~*~*~tactically~*~*~ (stealth).
  5541 | D:6      | 5541 ||| Stepping ~*~*~tactically~*~*~ (stealth).
  5570 | D:6      | 5570 ||| Stepping ~*~*~tactically~*~*~ (stealth).
  5587 | D:6      | Found a staircase to the Ecumenical Temple.
  5588 | D:6      | 5588 ||| PLANNING TEMPLE
  5588 | D:6      | 5588 ||| READING scroll labelled UTTOFAUTHRU.
  5595 | Temple   | Entered the Ecumenical Temple
  5620 | Temple   | 5620 ||| PLANNING OKAWARU WORSHIP
  5882 | Temple   | Became a worshipper of Warmaster Okawaru
  5883 | Temple   | 5883 ||| PLANNING D:1-11
  5930 | D:6      | 5930 ||| Stepping ~*~*~tactically~*~*~ (hiding).
  5931 | D:6      | 5931 ||| Stepping ~*~*~tactically~*~*~ (hiding).
  5933 | D:6      | 5933 ||| Stepping ~*~*~tactically~*~*~ (hiding).
  5944 | D:6      | 5944 ||| Stepping ~*~*~tactically~*~*~ (stealth).
  5945 | D:6      | 5945 ||| Stepping ~*~*~tactically~*~*~ (stealth).
  5953 | D:6      | 5953 ||| Stepping ~*~*~tactically~*~*~ (hiding).
  5956 | D:6      | 5956 ||| Stepping ~*~*~tactically~*~*~ (hiding).
  5957 | D:6      | 5957 ||| Stepping ~*~*~tactically~*~*~ (stealth).
  5968 | D:6      | Reached XP level 9. HP: 51/55 MP: 9/9
  6170 | D:6      | 6170 ||| Stepping ~*~*~tactically~*~*~ (stealth).
  6173 | D:6      | 6173 ||| Stepping ~*~*~tactically~*~*~ (stealth).
  6174 | D:6      | 6174 ||| Stepping ~*~*~tactically~*~*~ (hiding).
  6183 | D:6      | 6183 ||| Stepping ~*~*~tactically~*~*~ (hiding).
  6191 | D:6      | 6191 ||| FLEEEEING.
  6192 | D:6      | 6192 ||| FLEEEEING.
  6204 | D:6      | Reached skill level 9 in Axes
  6399 | D:6      | 6399 ||| Stepping ~*~*~tactically~*~*~ (hiding).
  6570 | D:6      | 6570 ||| READING 2 scrolls of identify.
  6570 | D:6      | 6570 ||| IDENTIFYING bubbling clear potion
  6691 | D:7      | Found an ancient bone altar of Kikubaaqudgha.
  6706 | D:7      | Reached * piety under Okawaru
  6725 | D:7      | Reached skill level 1 in Invocations
  6831 | D:7      | 6831 ||| Stepping ~*~*~tactically~*~*~ (stealth).
  6837 | D:7      | Reached skill level 3 in Invocations
  6842 | D:7      | 6842 ||| Stepping ~*~*~tactically~*~*~ (stealth).
  6843 | D:7      | 6843 ||| Stepping ~*~*~tactically~*~*~ (stealth).
  6844 | D:7      | 6844 ||| Stepping ~*~*~tactically~*~*~ (stealth).
  6845 | D:7      | 6845 ||| Stepping ~*~*~tactically~*~*~ (stealth).
  6846 | D:7      | 6846 ||| Stepping ~*~*~tactically~*~*~ (stealth).
  6931 | D:7      | 6931 ||| INVOKING Heroism.
  6932 | D:7      | 6932 ||| Stepping ~*~*~tactically~*~*~ (stealth).
  6940 | D:7      | 6940 ||| Stepping ~*~*~tactically~*~*~ (stealth).
  6942 | D:7      | 6942 ||| Stepping ~*~*~tactically~*~*~ (stealth).
  7022 | D:7      | Reached ** piety under Okawaru
  7220 | D:7      | 7220 ||| INVOKING Heroism.
  7359 | D:7      | 7359 ||| UPGRADING to +0 pair of gloves.
  7364 | D:7      | 7364 ||| DROPPING ring of magical power.
  7365 | D:7      | 7365 ||| UPGRADING to ring of protection from fire.
  7367 | D:7      | 7367 ||| UPGRADING to +6 ring of dexterity.
  7369 | D:7      | 7369 ||| READING scroll labelled YXENOIQ EFOSIYHYFO.
  7370 | D:7      | 7370 ||| READING scroll labelled YHAUBL WUMP.
  7471 | D:7      | 7471 ||| READING 2 scrolls of identify.
  7471 | D:7      | 7471 ||| IDENTIFYING fuming inky potion
  7472 | D:7      | 7472 ||| DROPPING potion of berserk rage.
  7513 | D:8      | Noticed Prince Ribbit
  7514 | D:8      | 7514 ||| INVOKING Heroism.
  7521 | D:8      | Killed Prince Ribbit
  7522 | D:8      | Reached XP level 10. HP: 63/63 MP: 11/13
  7539 | D:8      | 7539 ||| Stepping ~*~*~tactically~*~*~ (stealth).
  7542 | D:8      | 7542 ||| Stepping ~*~*~tactically~*~*~ (stealth).
  7544 | D:8      | 7544 ||| STAIRDANCE
  7553 | D:7      | Reached skill level 10 in Axes
  7557 | D:8      | 7557 ||| STAIRDANCE
  7560 | D:7      | 7560 ||| INVOKING Heroism.
  7605 | D:8      | 7605 ||| Stepping ~*~*~tactically~*~*~ (stealth).
  7612 | D:8      | 7612 ||| INVOKING Heroism.
  7618 | D:8      | Reached skill level 6 in Armour
  7637 | D:8      | 7637 ||| Stepping ~*~*~tactically~*~*~ (stealth).
  7780 | D:8      | Noticed Maggie
  7786 | D:8      | 7786 ||| INVOKING Heroism.
  7794 | D:8      | HP: 15/63 [Maggie/bolt of fire (8)]
  7795 | D:8      | 7795 ||| READING 6 scrolls of teleportation.
  7798 | D:8      | Killed Maggie
  7957 | D:8      | 7957 ||| Stepping ~*~*~tactically~*~*~ (stealth).
  8074 | D:8      | 8074 ||| Stepping ~*~*~tactically~*~*~ (stealth).
  8082 | D:8      | 8082 ||| Stepping ~*~*~tactically~*~*~ (stealth).
  8083 | D:8      | 8083 ||| Stepping ~*~*~tactically~*~*~ (stealth).
  8148 | D:8      | 8148 ||| Stepping ~*~*~tactically~*~*~ (stealth).
  8150 | D:8      | 8150 ||| Stepping ~*~*~tactically~*~*~ (stealth).
  8152 | D:8      | 8152 ||| INVOKING Heroism.
  8153 | D:8      | 8153 ||| Stepping ~*~*~tactically~*~*~ (stealth).
  8158 | D:8      | 8158 ||| Stepping ~*~*~tactically~*~*~ (stealth).
  8159 | D:8      | 8159 ||| Stepping ~*~*~tactically~*~*~ (stealth).
  8242 | D:8      | 8242 ||| INVOKING Heroism.
  8355 | D:8      | 8355 ||| INVOKING Heroism.
  8476 | D:8      | 8476 ||| Stepping ~*~*~tactically~*~*~ (hiding).
  8534 | D:8      | 8534 ||| UPGRADING to +0 hat of see invisible.
  8544 | D:8      | 8544 ||| READING 2 scrolls of identify.
  8544 | D:8      | 8544 ||| IDENTIFYING clear potion
  8577 | D:9      | 8577 ||| Stepping ~*~*~tactically~*~*~ (stealth).
  8579 | D:9      | 8579 ||| Stepping ~*~*~tactically~*~*~ (hiding).
  8619 | D:9      | 8619 ||| INVOKING Heroism.
  8634 | D:9      | Reached skill level 3 in Throwing
  8669 | D:9      | Found a flagged portal.
  8676 | D:9      | Identified the +1 halberd of Rubbish {vorpal, rF+ Str+2}
  8704 | D:9      | 8704 ||| INVOKING Heroism.
  8706 | D:9      | 8706 ||| DRINKING 3 potions of curing.
  8706 | D:9      | 8706 ||| (to cure confusion)
  8804 | D:9      | 8804 ||| INVOKING Heroism.
  8805 | D:9      | Noticed a cyclops
  8811 | D:9      | Hit by a large rock thrown by a cyclops

Levels and vault maps discovered:
D:1:      lemuel_arrival_funnel, layout_loops_ring,
          dilly_ecumenical_altar_fadedgnrine
D:2:      layout_loops_corners, uniq_sigmund
D:3:      layout_loops_ring, mainiacjoe_overflow_cross_hatched,
          chequers_temple_overflow_statue_of_worship, gammafunk_ghost_cemetery,
          kennysheep_generic_room_15
D:4:      layout_loops_corners, mainiacjoe_overflow_surrounded_room,
          minmay_cut_off
D:5:      layout_gridville, portal_sewer_entry_a
D:6:      layout_cave_pools, minmay_temple_entry_hall, serial_bayou,
          serial_bayou_pond_b, serial_bayou_shore_b, serial_bayou_lagoon_a,
          serial_bayou_crossing, serial_bayou_lagoon_b, serial_bayou_pond_a,
          minmay_crystal_water, minmay_misc_feat_hallway
D:7:      layout_gridville, lemuel_mausoleum_altar_kikubaaqudgha,
          minmay_misc_feat_four_crosses, minmay_fire_ice_demons
D:8:      layout_loops_cross, kennysheep_cross_room, uniq_maggie,
          uniq_prince_ribbit1
D:9:      layout_cave_pools, enter_bailey_2
Temple:   oiseaux_autumnal_temple

Skill      XL: |  1  2  3  4  5  6  7  8  9 10 |
---------------+-------------------------------+-----
Axes           | 2 3 5 6 7 8 9 10 | 10.1
Fighting       | 4 5 6 7 8 |  8.1
Dodging        | 1 2 |  2.2
Throwing       | 1 2 3 |  3.1
Armour         | 4 5 6 |  6.1
Shields        | 4 |  4.9
Invocations    | 4 |  4.0

Action                   |  1- 3 |  4- 6 |  7- 9 | 10-12 || total
-------------------------+-------+-------+-------+-------++-------
Melee: War axe           |    82 |   132 |   358 |   118 ||   690
Throw: Boomerang         |    11 |    37 |    54 |       ||   102
       Javelin           |       |       |     5 |    12 ||    17
Invok: Heroism           |       |       |     3 |     9 ||    12
  Use: Scroll            |     1 |     4 |    12 |     2 ||    19
       Potion            |     1 |     1 |     4 |     1 ||     7
Armor: Scale mail        |    42 |    34 |       |       ||    76
       Ring mail         |       |    30 |    74 |       ||   104
       Chain mail        |       |       |   106 |    45 ||   151
Dodge: Dodged            |    23 |    44 |   138 |    29 ||   234
Block: Buckler           |    11 |    23 |    78 |    29 ||   141

Table legend:
 A = Non-vault XP
 B = Vault XP
 C = Vault XP percentage of total XP
 D = Non-vault monster count
 E = Vault monster count
 F = Vault count percentage of total count
                 A         B        C        D         E       F
            +---------+---------+-------+---------+---------+-------
      Total |    4990 |    2150 |  30.1 |     208 |      40 |  16.1
            +---------+---------+-------+---------+---------+-------
        D:1 |      58 |       0 |   0.0 |      31 |       0 |   0.0
        D:2 |      65 |     239 |  78.6 |      16 |       1 |   5.9
        D:3 |      94 |       1 |   1.1 |      18 |       1 |   5.3
        D:4 |     127 |     104 |  45.0 |      19 |       5 |  20.8
        D:5 |     660 |      38 |   5.4 |      18 |       8 |  30.8
        D:6 |    1187 |     111 |   8.6 |      34 |       3 |   8.1
        D:7 |    1415 |     858 |  37.7 |      20 |      14 |  41.2
        D:8 |     725 |     656 |  47.5 |      32 |       2 |   5.9
        D:9 |     659 |       0 |   0.0 |      20 |       0 |   0.0
      Sewer |       0 |     143 | 100.0 |       0 |       6 | 100.0
            +---------+---------+-------+---------+---------+-------
